 Dungeon Crawl Stone Soup version 0.27-a0-906-g0a00ce863d (webtiles) character file.

Game seed: 10593613111190783811

55 spiderkeys the Bolt Thrower (level 4, -2/27 HPs)
             Began as a Kobold Hunter on Apr 6, 2021.
             Slain by an orc
             ... wielding a +0 hand axe
              (7 damage)
             ... on level 3 of the Dungeon.
             The game lasted 00:03:13 (1931 turns).

spiderkeys the Bolt Thrower (Kobold Hunter)         Turns: 1931, Time: 00:03:13

Health: -2/27      AC:  3    Str:  9    XL:     4   Next: 14%
Magic:  4/4        EV: 14    Int: 12    God:
Gold:   154        SH:  0    Dex: 16    Spells: 0/3 levels left

rFire    . . .     SeeInvis .   a - +2 dagger (speed)
rCold    . . .     Faith    .   (shield restricted)
rNeg     . . .     Spirit   .   c - +0 leather armour
rPois    .         Reflect  .   (no helmet)
rElec    .         Harm     .   (no cloak)
rCorr    .         Rampage  .   (no gloves)
Will     .....                  (no boots)
Stlth    +++.......             (no amulet)
HPRegen  0.09/turn              (no ring)
MPRegen  0.09/turn              (no ring)

@: mighty
A: small, no large weapons, nightstalker 3
a: no special abilities


You were on level 3 of the Dungeon.
You visited 1 branch of the dungeon, and saw 3 of its levels.

You collected 154 gold pieces.

Inventory:

Hand Weapons
 a - a +2 dagger of speed (weapon)
 b - a +1 hand crossbow
Missiles
 d - 20 bolts
 g - 9 poisoned darts (quivered)
Armour
 c - a +0 leather armour (worn)
Scrolls
 i - a scroll of noise {unknown}
 j - a scroll of teleportation {unknown}
Potions
 f - a potion of ambrosia {unknown}
 h - a potion of haste {unknown}


   Skills:
 + Level 2.8 Fighting
 * Level 2.6 Short Blades
 - Level 5.0 Crossbows
 + Level 2.9 Dodging
 * Level 2.5 Stealth


You couldn't memorise any spells.
You knew the following spells:

 Your Spells              Type           Power      Damage    Failure   Level
a - Confusing Touch       Hex            0%         N/A       80%         3

Your spell library contained the following spells:

 Spells                   Type           Power      Damage    Failure   Level
 Gell's Gravitas          Tloc           0%         N/A       80%         3
 Portal Projectile        Hex/Tloc       0%         N/A       80%         3
 Teleport Other           Tloc           0%         N/A       80%         3
 Passage of Golubria      Tloc           N/A        N/A       99%         4
 Petrify                  Tmut/Erth      0%         N/A       99%         4
 Metabolic Englaciation   Hex/Ice        0%         N/A       100%        5
 Yara's Violent Unravell  Hex/Tmut       0%         3d3       100%        5
 Dispersal                Tloc           0%         N/A       100%        6


Dungeon Overview and Level Annotations

Branches:
Dungeon (3/15)

Altars:

Shops:
D:2 [


Innate Abilities, Weirdness & Mutations

You are small and have problems with some larger weapons.
You are completely attuned to the shadows.


Message History

You hit the frilled lizard.
You kill the frilled lizard!
The orc barely misses you.
Items here: ( ) [ †.
You barely miss the orc. The orc hits you with a +0 hand axe.
You barely miss the orc. You hit the orc.
The orc is lightly wounded.
The orc hits you but does no damage.
You closely miss the orc.
The orc is lightly wounded.
The orc hits you with a +0 hand axe.
You are too injured to fight recklessly!
You are too injured to fight recklessly!
You are too injured to fight recklessly!
You are too injured to fight recklessly!
You are too injured to fight recklessly!
You are too injured to fight recklessly!
You barely miss the orc.
The orc is lightly wounded.
You hit the orc but do no damage.
The orc is lightly wounded.
The orc hits you with a +0 hand axe.
* * * LOW HITPOINT WARNING * * *
You hit the orc but do no damage.
The orc is lightly wounded.
You hit the orc but do no damage.
The orc is lightly wounded.
The orc hits you with a +0 hand axe.
* * * LOW HITPOINT WARNING * * *
An orc comes into view. It is wielding a +0 war axe.
Okay, then.
Sorry, you're not good enough to have a special ability.
Okay, then.
You aren't carrying any items that you can evoke.
Unknown command.
It was a potion of might.
You feel very mighty all of a sudden. The orc hits you with a +0 hand axe!
You die...

## ###
##.###.#
#......#
#..#.#.# #.
#.#.#
#############
# #.#.#
#......@o...#
#.#.#
#.#########.#
#.#.# #.#
.o....# #.#.#
#.# #####..#.
#.#.# #.#
....))....
#.#.# #.#
###.#..#.#
#.#.# #.#
#.#..#.#
#.#.# #.#
.....# #.#.#
#.# ... ..#


You could see an orc.

Vanquished Creatures
  A worm (D:2)
  A dart slug (D:2)
  2 orcs (D:3)
  5 endoplasms
  3 giant cockroaches
  4 goblins
  5 hobgoblins
  A jackal (D:1)
  3 kobolds
  4 ball pythons
  6 bats
  5 frilled lizards
  5 rats
45 creatures vanquished.

Notes
Turn   | Place    | Note
-------+----------+-------------------------------------------
     0 | D:1      | spiderkeys the Kobold Hunter began the quest for the Orb.
     0 | D:1      | Reached XP level 1. HP: 12/12 MP: 1/1
   262 | D:1      | Identified the Grimoire of the Compass
   298 | D:1      | Reached skill level 1 in Short Blades
   298 | D:1      | Reached XP level 2. HP: 14/18 MP: 2/2
   815 | D:1      | Reached skill level 5 in Crossbows
  1112 | D:1      | Reached XP level 3. HP: 22/22 MP: 3/3
  1638 | D:2      | Found Achiodue's Antique Armour Emporium.
  1729 | D:2      | Found a faded altar of an unknown god.
  1743 | D:2      | Reached XP level 4. HP: 27/27 MP: 4/4
  1753 | D:2      | Learned a level 3 spell: Confusing Touch
  1931 | D:3      | Slain by an orc

Illustrated notes

Levels and vault maps discovered:
D:1:      lemuel_arrival_lava_pool, layout_loops_ring, minmay_box_of_dots
D:2:      layout_basic, ebering_ecumenical_altar_hall, serial_shops, shop_coins
D:3:      layout_basic, gammafunk_ghost_cemetery, uniq_ijyb

Skill      XL: |  1  2  3 |
---------------+----------+-----
Short Blades   | 1 2 |  2.6
Crossbows      | 5 |  5.0
Stealth        | 2 |  2.5
Fighting       | |  2.8
Dodging        | |  2.9

Action                   |  1- 3 |  4- 6 || total
-------------------------+-------+-------++-------
Melee: Short sword       |    40 |       ||    40
       Dagger            |    84 |    23 ||   107
 Fire: Hand crossbow     |     2 |       ||     2
  Use: Scroll            |     1 |       ||     1
       Potion            |       |     1 ||     1
 Stab: Sleeping          |    14 |       ||    14
Armor: Leather armour    |    22 |     4 ||    26
Dodge: Dodged            |    91 |     8 ||    99

Table legend: (Time is in decaauts)
 A = Elapsed time spent in this place.
 B = Non-inter-level travel time spent in this place.
 C = Inter-level travel time spent in this place.
 D = Time resting spent in this place.
 E = Time spent auto-exploring this place.
 F = Levels seen in this place.
 G = Mean time per level.
                   A        B        C        D        E       F      G
               +--------+--------+--------+--------+--------+-----+--------+
         Total |   1889 |   1808 |     81 |      0 |   1563 |   3 |  629.7 |
       Dungeon |   1889 |   1808 |     81 |      0 |   1563 |   3 |  629.7 |
               +--------+--------+--------+--------+--------+-----+--------+

Top non-repeatable levels by time:
     D:1: 1256 daAuts
     D:2: 550 daAuts
     D:3: 83 daAuts
